Senateurs vs Penguins
Created - 28 décembre 2016 at 20:07
Goals
|
| Senateurs |
3 |
1 |
1 |
5 |
| Penguins |
4 |
2 |
1 |
7 |
|
Shots
|
| Senateurs |
12 |
8 |
7 |
27 |
| Penguins |
16 |
10 |
9 |
35 |
|
1st period
1. Penguins , Bobby Ryan 13 (Steven Stamkos, Derek Joslin) at 6:34
2. Penguins , Dion Phaneuf 7 (Steven Stamkos, Bobby Ryan) at 8:42 (PP)
3. Senateurs , Brenden Morrow 9 (Brad Richards) at 11:25 (SH)
4. Penguins , Steven Stamkos 14 (Max Pacioretty, Brian Elliott) at 11:41 (PP)
5. Senateurs , Andrew Ebbett 3 (Kurtis Foster, Darcy Hordichuk) at 14:20
6. Penguins , Max Pacioretty 7 (Steven Stamkos, Bobby Ryan) at 15:57 (PP)
7. Senateurs , Thomas Vanek 20 (Gilbert Brule) at 19:26
Penalties :
Thomas Vanek (Ott) for Hooking (Minor) at 8:13, Darcy Hordichuk (Ott) for Slashing (Minor) at 9:45, B.J. Crombeen (Ott) for Tripping (Minor) at 15:15
2nd period
8. Penguins , Luke Schenn 3 (Brayden Schenn, Steve Sullivan) at 5:29
9. Senateurs , B.J. Crombeen 6 (Brenden Morrow, Carlo Colaiacovo) at 9:31
10. Penguins , Sam Gagner 8 (Sean Zimmerman) at 12:13
Penalties :
Nikita Alexeev (Pit) for Hooking (Minor) at 12:56, Andrew Ebbett (Ott) for Interference (Minor) at 16:44, Kurtis Foster (Ott) for Holding (Minor) at 17:07
3rd period
11. Senateurs , Andrew Ebbett 4 (George Parros, Vitaly Vishnevsky) at 7:03
12. Penguins , Steven Stamkos 15 (Sean Zimmerman, Dion Phaneuf) at 7:17
Penalties :
Bobby Ryan (Pit) for Hooking (Minor) at 9:40, Dan Girardi (Ott) for Roughing (Minor) at 12:21, Josef Vasicek (Pit) for Diving (Minor) at 17:56
Goalie Stats
Jonas Gustavsson (Ott), 19 saves from 22 shots - (0,864), L, 4-2-0, 44:03 minutes
Ondrej Pavelec (Ott), 9 saves from 13 shots - (0,692), 15:57 minutes
Brian Elliott (Pit), 22 saves from 27 shots - (0,815), W, 15-4-1, 60:00 minutes
Players Stats for Senateurs
Player Name G A P +/- PIM S H SB GA TA FO MP PP MP PK MP
------------------------------------------------------------------------------------
Andrew Ebbett 2 0 2 2 2 3 0 0 0 0 1/1 8:02 0:00 1:22
Andy McDonald 0 0 0 2 0 1 2 1 0 0 0/0 7:31 0:44 0:12
B.J. Crombeen 1 0 1 0 2 3 4 0 0 0 0/1 14:34 2:48 0:00
Brad Richards 0 1 1 1 0 2 1 0 0 0 6/16 16:50 2:49 1:42
Brandon Dubinsky 0 0 0 0 0 0 1 0 0 1 1/6 10:46 0:00 0:00
Brenden Morrow 1 1 2 1 0 4 0 0 0 0 0/0 16:28 2:48 1:23
Carlo Colaiacovo 0 1 1 2 0 0 1 2 0 1 0/0 20:13 2:32 2:29
Dan Girardi 0 0 0 0 2 1 0 2 0 0 0/0 12:26 0:00 0:01
Dan Hamhuis 0 0 0 -1 0 0 2 2 0 1 0/0 27:40 3:25 5:18
Darcy Hordichuk 0 1 1 0 2 2 1 0 0 1 0/0 12:24 0:53 0:00
George Parros 0 1 1 2 0 3 0 0 0 0 0/0 6:52 0:21 0:00
Gilbert Brule 0 1 1 -2 0 3 1 1 0 1 15/32 24:06 2:42 4:42
Johan Franzen 0 0 0 -2 0 1 0 0 0 0 2/2 19:06 2:24 0:00
Kurtis Foster 0 1 1 -1 2 2 2 1 0 3 0/0 26:51 3:25 4:04
Milan Hejduk 0 0 0 0 0 0 0 2 1 0 0/0 10:46 0:00 0:00
Thomas Vanek 1 0 1 -2 2 1 0 1 1 0 3/3 23:02 2:22 3:59
Vitaly Vishnevsky 0 1 1 2 0 1 1 0 2 1 0/0 19:53 2:32 2:09
Vladimir Mihalik 0 0 0 0 0 0 2 2 0 0 0/0 13:20 0:00 0:54
Players Stats for Penguins
Player Name G A P +/- PIM S H SB GA TA FO MP PP MP PK MP
------------------------------------------------------------------------------------
Bobby Ryan 1 2 3 1 2 5 1 0 1 0 2/5 20:52 4:12 0:00
Brayden Schenn 0 1 1 -1 0 2 2 0 0 0 2/3 11:52 0:17 2:41
Brian McGrattan 0 0 0 0 0 0 0 0 1 2 0/0 11:17 1:27 0:00
Derek Joslin 0 1 1 -1 0 1 1 0 0 0 0/0 11:17 0:00 0:00
Dion Phaneuf 1 1 2 0 0 4 2 0 0 1 0/0 26:36 4:18 3:21
Duncan Keith 0 0 0 0 0 0 1 1 0 0 0/0 22:07 3:10 2:36
Dustin Penner 0 0 0 -1 0 1 1 1 0 0 0/1 18:30 3:24 2:49
Josef Vasicek 0 0 0 0 2 5 1 0 1 0 4/7 15:02 0:00 0:26
Luke Schenn 1 0 1 0 0 4 1 0 2 1 0/0 22:07 3:10 2:36
Max Pacioretty 1 1 2 1 0 2 3 0 0 0 1/3 22:13 4:01 2:02
Nathan Horton 0 0 0 -1 0 0 0 0 0 0 0/0 5:00 1:20 0:00
Nikita Alexeev 0 0 0 -1 2 1 0 0 1 0 0/0 9:03 0:08 0:00
Paul Ranger 0 0 0 -1 0 1 1 0 0 0 0/0 11:17 0:00 0:00
Sam Gagner 1 0 1 -1 0 1 1 0 1 0 5/10 17:56 3:24 2:23
Sean Zimmerman 0 2 2 0 0 0 0 0 0 0 0/0 26:36 4:18 3:21
Simon Gagné 0 0 0 0 0 3 1 0 0 0 0/0 10:59 0:03 1:06
Steve Sullivan 0 1 1 -1 0 1 0 1 1 0 0/0 7:52 0:00 0:00
Steven Stamkos 2 3 5 1 0 4 3 0 1 0 19/32 23:24 4:08 0:27
3 Stars
1 - Steven Stamkos (Pit)
2 - Max Pacioretty (Pit)
3 - Andrew Ebbett (Ott)
Power Play
Senateurs - 0 on 3 Attempt(s) - 0,00%
Penguins - 3 on 6 Attempt(s) - 50,00%
Penalty Kill
Senateurs - 3 on 6 Attempt(s) - 50,00%
- Score 1 goal in Penalty Kill
Penguins - 3 on 3 Attempt(s) - 100,00%
- Score 0 goal in Penalty Kill
Team Stat
Senateurs - Hits : 18 - Faceoff Wins : 28 - Blocked Shots : 14 - Penalty Minutes : 12
Penguins - Hits : 19 - Faceoff Wins : 33 - Blocked Shots : 3 - Penalty Minutes : 6
Official
Referees : Joannette Marc and Walkom Stephen
Linesman : Jonny Murray and Steve Miller
Game Notes
Jonas Gustavsson enters game at 15:57 of 1st period
Nathan Horton is injured at 16:32 of 1st period (Concussion)
Finance
Level 1 -- Attendance: 5392 (89,87%) -- Ticket Income 415 184 $
Level 2 -- Attendance: 4803 (96,06%) -- Ticket Income 216 135 $
Level 3 -- Attendance: 2000 (100,00%) -- Ticket Income 56 000 $
Level 4 -- Attendance: 4000 (100,00%) -- Ticket Income 80 000 $
Luxury Box -- Attendance: 1000 (100,00%) -- Ticket Income 160 000 $
Game was played at the Igloo.
Total Attendance: 17195 (95,53%)
Total Ticket Income: 927 319 $
Other Income: 139 098 $
Total Income: 1 066 417 $
Senateurs
5 vs 5 Forward
Center Left Wing Right Wing Time % Phy DF OF
1 Gilbert Brule Thomas Vanek Johan Franzen 40 1 2 2
2 Brad Richards Brenden Morrow B.J. Crombeen 30 1 2 2
3 Brandon Dubinsky Darcy Hordichuk Milan Hejduk 20 1 2 2
4 Andrew Ebbett Andy McDonald George Parros 10 1 2 2
5 vs 5 Defense
Defense Defense Time % Phy DF OF
1 Kurtis Foster Dan Hamhuis 40 1 2 2
2 Vitaly Vishnevsky Carlo Colaiacovo 30 1 2 2
3 Dan Girardi Vladimir Mihalik 20 1 2 2
4 Kurtis Foster Dan Hamhuis 10 1 2 2
PowerPlay Forward
Center Left Wing Right Wing Time % Phy DF OF
1 Gilbert Brule Thomas Vanek Johan Franzen 60 1 1 3
2 Brad Richards Brenden Morrow B.J. Crombeen 40 1 1 3
PowerPlay Defense
Defense Defense Time % Phy DF OF
1 Kurtis Foster Dan Hamhuis 60 1 2 2
2 Vitaly Vishnevsky Carlo Colaiacovo 40 1 2 2
Penalty Kill 4 Players Forward
Center Wing Time % Phy DF OF
1 Gilbert Brule Thomas Vanek 60 1 2 2
2 Brad Richards Brenden Morrow 40 1 2 2
Penalty Kill 4 Players Defense
Defense Defense Time % Phy DF OF
1 Kurtis Foster Dan Hamhuis 60 1 2 2
2 Vitaly Vishnevsky Carlo Colaiacovo 40 1 2 2
Penalty Kill - 3 Players Forward
Forward Time % Phy DF OF
1 Gilbert Brule 60 1 2 2
2 Thomas Vanek 40 1 2 2
Penalty Kill - 3 Players Defense
Defense Defense Time % Phy DF OF
1 Kurtis Foster Dan Hamhuis 60 1 2 2
2 Vitaly Vishnevsky Carlo Colaiacovo 40 1 2 2
4 vs 4 Forward
Center Wing Time % Phy DF OF
1 Gilbert Brule Thomas Vanek 60 1 2 2
2 Brad Richards Brenden Morrow 40 1 2 2
4 vs 4 Defense
Defense Defense Time % Phy DF OF
1 Kurtis Foster Dan Hamhuis 60 1 2 2
2 Vitaly Vishnevsky Carlo Colaiacovo 40 1 2 2
Last Minutes Offensive
Center Left Wing Right Wing Defense Defense
Gilbert Brule Thomas Vanek Johan Franzen Kurtis Foster Dan Hamhuis
Last Minutes Defensive
Center Left Wing Right Wing Defense Defense
Gilbert Brule Thomas Vanek Johan Franzen Kurtis Foster Dan Hamhuis
Goaltenders
Starting : Ondrej Pavelec
Backup : Jonas Gustavsson
Extra Forwards
Normal : Darcy Hordichuk, Andy McDonald, Andrew Ebbett - PP : Darcy Hordichuk, Andy McDonald - PK : Andrew Ebbett
Extra Defensemen
Normal : Dan Girardi, Vladimir Mihalik, Vitaly Vishnevsky - PP : Dan Girardi - PK : Vladimir Mihalik, Vitaly Vishnevsky
Penalty Shots
Gilbert Brule, Thomas Vanek, Brad Richards, Brenden Morrow, Johan Franzen
Penguins
5 vs 5 Forward
Center Left Wing Right Wing Time % Phy DF OF
1 Steven Stamkos Max Pacioretty Bobby Ryan 40 0 2 3
2 Sam Gagner Dustin Penner Nathan Horton 30 0 2 3
3 Josef Vasicek Simon Gagné Brian McGrattan 20 0 2 3
4 Brayden Schenn Steve Sullivan Nikita Alexeev 10 0 2 3
5 vs 5 Defense
Defense Defense Time % Phy DF OF
1 Sean Zimmerman Dion Phaneuf 45 1 2 2
2 Luke Schenn Duncan Keith 33 1 2 2
3 Paul Ranger Derek Joslin 22 1 2 2
4 Luke Schenn Dion Phaneuf 0 1 2 2
PowerPlay Forward
Center Left Wing Right Wing Time % Phy DF OF
1 Steven Stamkos Max Pacioretty Bobby Ryan 60 0 1 4
2 Sam Gagner Dustin Penner Nathan Horton 40 0 1 4
PowerPlay Defense
Defense Defense Time % Phy DF OF
1 Sean Zimmerman Dion Phaneuf 60 0 2 3
2 Luke Schenn Duncan Keith 40 0 2 3
Penalty Kill 4 Players Forward
Center Wing Time % Phy DF OF
1 Brayden Schenn Nathan Horton 60 0 4 1
2 Josef Vasicek Bobby Ryan 40 0 4 1
Penalty Kill 4 Players Defense
Defense Defense Time % Phy DF OF
1 Sean Zimmerman Dion Phaneuf 60 1 4 0
2 Luke Schenn Duncan Keith 40 1 4 0
Penalty Kill - 3 Players Forward
Forward Time % Phy DF OF
1 Nathan Horton 60 0 4 1
2 Bobby Ryan 40 0 4 1
Penalty Kill - 3 Players Defense
Defense Defense Time % Phy DF OF
1 Sean Zimmerman Dion Phaneuf 60 1 4 0
2 Luke Schenn Duncan Keith 40 1 4 0
4 vs 4 Forward
Center Wing Time % Phy DF OF
1 Steven Stamkos Bobby Ryan 60 0 2 3
2 Sam Gagner Nathan Horton 40 0 2 3
4 vs 4 Defense
Defense Defense Time % Phy DF OF
1 Sean Zimmerman Dion Phaneuf 60 1 2 2
2 Luke Schenn Duncan Keith 40 1 2 2
Last Minutes Offensive
Center Left Wing Right Wing Defense Defense
Steven Stamkos Max Pacioretty Bobby Ryan Sean Zimmerman Dion Phaneuf
Last Minutes Defensive
Center Left Wing Right Wing Defense Defense
Brayden Schenn Simon Gagné Nathan Horton Sean Zimmerman Dion Phaneuf
Goaltenders
Starting : Brian Elliott
Backup : Josh Tordjman
Extra Forwards
Normal : Steven Stamkos, Sam Gagner, Josef Vasicek - PP : Steven Stamkos, Sam Gagner - PK : Nathan Horton
Extra Defensemen
Normal : Dion Phaneuf, Duncan Keith, Paul Ranger - PP : Derek Joslin - PK : Sean Zimmerman, Luke Schenn
Penalty Shots
Max Pacioretty, Bobby Ryan, Nathan Horton, Steven Stamkos, Simon Gagné
% Time on Ice - Senateurs
Lines # - Real PCT - Wanted PCT - Time Play
Normal Forward
1 - 36% - 40% - 16:58
2 - 28% - 30% - 13:13
3 - 23% - 20% - 10:46
4 - 12% - 10% - 5:38
Normal Defense
1 - 38% - 40% - 17:55
2 - 33% - 30% - 15:12
3 - 25% - 20% - 11:33
4 - 4% - 10% - 1:55
PP Forward
1 - 45% - 60% - 2:42
2 - 55% - 40% - 3:15
PP Defense
1 - 57% - 60% - 3:25
2 - 43% - 40% - 2:32
PK Forward
1 - 76% - 60% - 4:29
2 - 24% - 40% - 1:23
PK Defense
1 - 76% - 60% - 4:28
2 - 24% - 40% - 1:24
PK3 Forward
1 - 73% - 60% - 1:10
2 - 27% - 40% - 0:26
PK3 Defense
1 - 53% - 60% - 0:51
2 - 47% - 40% - 0:45
44 Forward
1 - 0% - 60%
2 - 0% - 40%
44 Defense
1 - 0% - 60%
2 - 0% - 40%
Last Minute Offensive - 0:00
Last Minute Defensive - 0:00
Total
Forward - 60:00
Defense - 60:00
|
% Time on Ice - Penguins
Lines # - Real PCT - Wanted PCT - Time Play
Normal Forward
1 - 33% - 40% - 15:22
2 - 31% - 30% - 14:15
3 - 20% - 20% - 9:06
4 - 17% - 10% - 7:52
Normal Defense
1 - 41% - 45% - 18:57
2 - 35% - 33% - 16:21
3 - 24% - 22% - 11:17
4 - 0% - 0% - 0:00
PP Forward
1 - 51% - 60% - 3:47
2 - 49% - 40% - 3:41
PP Defense
1 - 58% - 60% - 4:18
2 - 42% - 40% - 3:10
PK Forward
1 - 100% - 60% - 5:57
2 - 0% - 40% - 0:00
PK Defense
1 - 56% - 60% - 3:21
2 - 44% - 40% - 2:36
PK3 Forward
1 - 0% - 60%
2 - 0% - 40%
PK3 Defense
1 - 0% - 60%
2 - 0% - 40%
44 Forward
1 - 0% - 60%
2 - 0% - 40%
44 Defense
1 - 0% - 60%
2 - 0% - 40%
Last Minute Offensive - 0:00
Last Minute Defensive - 0:00
Total
Forward - 60:00
Defense - 60:00
|
Play by Play
1st period
0:01 of 1st period - Gilbert Brule wins face-off versus Steven Stamkos in neutral zone.
0:36 of 1st period - Off-side.
0:37 of 1st period - Josef Vasicek wins face-off versus Brandon Dubinsky in neutral zone.
1:25 of 1st period - Snap shot by Steven Stamkos.
1:25 of 1st period - Shot Misses the Net.
1:27 of 1st period - Slapshot by Paul Ranger.
1:27 of 1st period - Shot Blocked by Dan Girardi.
1:29 of 1st period - Slapshot by Derek Joslin.
1:29 of 1st period - Shot Blocked by Dan Girardi.
1:31 of 1st period - Slapshot by Derek Joslin.
1:31 of 1st period - Stopped by Ondrej Pavelec with a rebound.
1:33 of 1st period - Snap shot by Paul Ranger.
1:33 of 1st period - Stopped by Ondrej Pavelec without a rebound.
1:34 of 1st period - Sam Gagner wins face-off versus Brad Richards in Senateurs zone.
2:30 of 1st period - Slapshot by Dan Girardi.
2:30 of 1st period - Stopped by Brian Elliott with a rebound.
2:49 of 1st period - Andrew Ebbett is hit by Brayden Schenn and loses puck.
3:06 of 1st period - Wrist shot by Brad Richards.
3:06 of 1st period - Stopped by Brian Elliott with a rebound.
3:08 of 1st period - Snap shot by Brenden Morrow.
3:08 of 1st period - Deflect By B.J. Crombeen.
3:08 of 1st period - Stopped by Brian Elliott with a rebound.
3:30 of 1st period - Snap shot by Bobby Ryan.
3:30 of 1st period - Stopped by Ondrej Pavelec without a rebound.
3:31 of 1st period - Steven Stamkos wins face-off versus Brad Richards in Senateurs zone.
4:04 of 1st period - Snap shot by Gilbert Brule.
4:04 of 1st period - Shot Misses the Net.
4:31 of 1st period - Off-side.
4:32 of 1st period - Steven Stamkos wins face-off versus Gilbert Brule in neutral zone.
4:41 of 1st period - Snap shot by Steven Stamkos.
4:41 of 1st period - Shot Misses the Net.
4:43 of 1st period - Snap shot by Sean Zimmerman.
4:43 of 1st period - Shot Misses the Net.
4:47 of 1st period - Wrist shot by Steven Stamkos.
4:47 of 1st period - Deflect By Max Pacioretty.
4:47 of 1st period - Shot Blocked by Carlo Colaiacovo.
4:47 of 1st period - Puck is out of play.
4:48 of 1st period - Josef Vasicek wins face-off versus B.J. Crombeen in Senateurs zone.
5:15 of 1st period - Gilbert Brule is hit by Bobby Ryan and loses puck.
5:37 of 1st period - Slapshot by Sean Zimmerman.
5:37 of 1st period - Shot Blocked by Dan Hamhuis.
5:41 of 1st period - Wrist shot by Sam Gagner.
5:41 of 1st period - Shot Blocked by Dan Hamhuis.
6:20 of 1st period - Wrist shot by B.J. Crombeen.
6:20 of 1st period - Shot Misses the Net.
6:34 of 1st period - Snap shot by Steven Stamkos.
6:34 of 1st period - Deflect By Bobby Ryan.
6:34 of 1st period - Goal by Bobby Ryan - Senateurs : 0 - Penguins : 1.
6:35 of 1st period - Steven Stamkos wins face-off versus Gilbert Brule in neutral zone.
6:38 of 1st period - Wrist shot by Max Pacioretty.
6:38 of 1st period - Shot Misses the Net.
6:40 of 1st period - Wrist shot by Max Pacioretty.
6:40 of 1st period - Stopped by Ondrej Pavelec without a rebound.
6:41 of 1st period - Steven Stamkos wins face-off versus Gilbert Brule in Senateurs zone.
6:42 of 1st period - Snap shot by Bobby Ryan.
6:42 of 1st period - Stopped by Ondrej Pavelec with a rebound.
8:02 of 1st period - Wrist shot by Simon Gagné.
8:02 of 1st period - Shot Blocked by Carlo Colaiacovo.
8:10 of 1st period - Slapshot by Dion Phaneuf.
8:10 of 1st period - Stopped by Ondrej Pavelec without a rebound.
8:11 of 1st period - Gilbert Brule wins face-off versus Steven Stamkos in Senateurs zone.
8:13 of 1st period - Minor Penalty to Thomas Vanek for Hooking.
8:14 of 1st period - Gilbert Brule wins face-off versus Bobby Ryan in Senateurs zone.
8:22 of 1st period - Slapshot by Andrew Ebbett.
8:22 of 1st period - Stopped by Brian Elliott without a rebound.
8:23 of 1st period - Steven Stamkos wins face-off versus Gilbert Brule in Penguins zone.
8:42 of 1st period - Slapshot by Dion Phaneuf.
8:42 of 1st period - Goal by Dion Phaneuf - Senateurs : 0 - Penguins : 2.
8:43 of 1st period - Johan Franzen wins face-off versus Bobby Ryan in neutral zone.
9:10 of 1st period - Duncan Keith is hit by B.J. Crombeen and loses puck.
9:21 of 1st period - Wrist shot by B.J. Crombeen.
9:21 of 1st period - Stopped by Brian Elliott without a rebound.
9:22 of 1st period - Steven Stamkos wins face-off versus Brandon Dubinsky in Penguins zone.
9:45 of 1st period - Minor Penalty to Darcy Hordichuk for Slashing.
9:46 of 1st period - Thomas Vanek wins face-off versus Steven Stamkos in Senateurs zone.
9:57 of 1st period - Gilbert Brule is hit by Dion Phaneuf and loses puck.
10:12 of 1st period - Kurtis Foster is hit by Dustin Penner and loses puck.
10:21 of 1st period - Wrist shot by Gilbert Brule.
10:21 of 1st period - Stopped by Brian Elliott with a rebound.
10:33 of 1st period - Snap shot by Gilbert Brule.
10:33 of 1st period - Shot Misses the Net.
11:01 of 1st period - Snap shot by Gilbert Brule.
11:01 of 1st period - Stopped by Brian Elliott with a rebound.
11:05 of 1st period - Snap shot by Gilbert Brule.
11:05 of 1st period - Shot Misses the Net.
11:07 of 1st period - Snap shot by Thomas Vanek.
11:07 of 1st period - Shot Blocked by Duncan Keith.
11:23 of 1st period - Slapshot by Brenden Morrow.
11:23 of 1st period - Stopped by Brian Elliott with a rebound.
11:25 of 1st period - Snap shot by Brenden Morrow.
11:25 of 1st period - Goal by Brenden Morrow - Senateurs : 1 - Penguins : 2.
11:26 of 1st period - Steven Stamkos wins face-off versus Brad Richards in neutral zone.
11:29 of 1st period - Slapshot by Dion Phaneuf.
11:29 of 1st period - Deflect By Brad Richards.
11:29 of 1st period - Stopped by Ondrej Pavelec without a rebound.
11:30 of 1st period - Bobby Ryan wins face-off versus Brad Richards in Senateurs zone.
11:41 of 1st period - Snap shot by Steven Stamkos.
11:41 of 1st period - Goal by Steven Stamkos - Senateurs : 1 - Penguins : 3.
11:42 of 1st period - Max Pacioretty wins face-off versus Gilbert Brule in neutral zone.
12:33 of 1st period - Brian McGrattan is hit by Vladimir Mihalik and loses puck.
13:00 of 1st period - Slapshot by Duncan Keith.
13:00 of 1st period - Shot Blocked by Andy McDonald.
13:02 of 1st period - Slapshot by Luke Schenn.
13:02 of 1st period - Shot Misses the Net.
13:04 of 1st period - Slapshot by Luke Schenn.
13:04 of 1st period - Stopped by Ondrej Pavelec without a rebound.
13:05 of 1st period - Steven Stamkos wins face-off versus Gilbert Brule in Senateurs zone.
13:08 of 1st period - Slapshot by Bobby Ryan.
13:08 of 1st period - Shot Blocked by Gilbert Brule.
14:02 of 1st period - Slapshot by Darcy Hordichuk.
14:02 of 1st period - Shot Misses the Net.
14:20 of 1st period - Snap shot by Andrew Ebbett.
14:20 of 1st period - Goal by Andrew Ebbett - Senateurs : 2 - Penguins : 3.
14:21 of 1st period - Thomas Vanek wins face-off versus Steven Stamkos in neutral zone.
14:26 of 1st period - Slapshot by Steven Stamkos.
14:26 of 1st period - Shot Misses the Net.
14:28 of 1st period - Snap shot by Max Pacioretty.
14:28 of 1st period - Shot Misses the Net.
14:30 of 1st period - Snap shot by Bobby Ryan.
14:30 of 1st period - Shot Misses the Net.
14:32 of 1st period - Wrist shot by Max Pacioretty.
14:32 of 1st period - Deflect By Steven Stamkos.
14:32 of 1st period - Shot Misses the Net.
14:32 of 1st period - Puck is out of play.
14:33 of 1st period - Gilbert Brule wins face-off versus Steven Stamkos in Senateurs zone.
14:41 of 1st period - Off-side.
14:42 of 1st period - Gilbert Brule wins face-off versus Steven Stamkos in neutral zone.
14:45 of 1st period - Slapshot by Vitaly Vishnevsky.
14:45 of 1st period - Stopped by Brian Elliott with a rebound.
15:12 of 1st period - Snap shot by Bobby Ryan.
15:12 of 1st period - Stopped by Ondrej Pavelec without a rebound.
15:13 of 1st period - Brad Richards wins face-off versus Sam Gagner in Senateurs zone.
15:15 of 1st period - Minor Penalty to B.J. Crombeen for Tripping.
15:16 of 1st period - Steven Stamkos wins face-off versus Gilbert Brule in Senateurs zone.
15:24 of 1st period - Bobby Ryan is hit by Dan Hamhuis.
15:28 of 1st period - Slapshot by Dion Phaneuf.
15:28 of 1st period - Shot Blocked by Kurtis Foster.
15:42 of 1st period - Brenden Morrow is hit by Steven Stamkos and loses puck.
15:57 of 1st period - Snap shot by Max Pacioretty.
15:57 of 1st period - Goal by Max Pacioretty - Senateurs : 2 - Penguins : 4.
15:57 of 1st period - Jonas Gustavsson enters game.
15:58 of 1st period - Gilbert Brule wins face-off versus Sam Gagner in neutral zone.
16:05 of 1st period - Off-side.
16:06 of 1st period - Sam Gagner wins face-off versus Gilbert Brule in neutral zone.
16:31 of 1st period - Nathan Horton is hit by Darcy Hordichuk and loses puck.
16:32 of 1st period - Nathan Horton from Penguins is injured at 16:32 of 1st period (Concussion).
16:33 of 1st period - Steven Stamkos wins face-off versus Brad Richards in Penguins zone.
16:42 of 1st period - Wrist shot by Bobby Ryan.
16:42 of 1st period - Shot Misses the Net.
17:03 of 1st period - Snap shot by Sam Gagner.
17:03 of 1st period - Shot Misses the Net.
17:31 of 1st period - Slapshot by Steve Sullivan.
17:31 of 1st period - Stopped by Jonas Gustavsson without a rebound.
17:32 of 1st period - Brad Richards wins face-off versus Steven Stamkos in Senateurs zone.
17:58 of 1st period - Johan Franzen is hit by Luke Schenn and loses puck.
18:03 of 1st period - Slapshot by Dustin Penner.
18:03 of 1st period - Stopped by Jonas Gustavsson without a rebound.
18:04 of 1st period - Gilbert Brule wins face-off versus Sam Gagner in Senateurs zone.
18:56 of 1st period - Snap shot by Brayden Schenn.
18:56 of 1st period - Stopped by Jonas Gustavsson with a rebound.
19:02 of 1st period - Brayden Schenn is hit by Kurtis Foster and loses puck.
19:24 of 1st period - Icing by Bobby Ryan.
19:25 of 1st period - Gilbert Brule wins face-off versus Bobby Ryan in Penguins zone.
19:26 of 1st period - Wrist shot by Thomas Vanek.
19:26 of 1st period - Goal by Thomas Vanek - Senateurs : 3 - Penguins : 4.
19:27 of 1st period - Steven Stamkos wins face-off versus Gilbert Brule in neutral zone.
19:54 of 1st period - Sam Gagner is hit by Brad Richards and loses puck.
Goals for this period are 3 for Senateurs vs 4 for Penguins.
Shots for this period are 12 for Senateurs vs 16 for Penguins.
2nd period
0:01 of 2nd period - Steven Stamkos wins face-off versus Gilbert Brule in neutral zone.
0:46 of 2nd period - Icing by Steve Sullivan.
0:47 of 2nd period - Josef Vasicek wins face-off versus Brandon Dubinsky in Penguins zone.
1:02 of 2nd period - Snap shot by Darcy Hordichuk.
1:02 of 2nd period - Shot Misses the Net.
1:14 of 2nd period - Snap shot by Gilbert Brule.
1:14 of 2nd period - Shot Hit the Post.
1:18 of 2nd period - Snap shot by Johan Franzen.
1:18 of 2nd period - Stopped by Brian Elliott without a rebound.
1:19 of 2nd period - Gilbert Brule wins face-off versus Steven Stamkos in Penguins zone.
2:17 of 2nd period - Wrist shot by Milan Hejduk.
2:17 of 2nd period - Shot Misses the Net.
2:27 of 2nd period - Carlo Colaiacovo is hit by Max Pacioretty and loses puck.
2:48 of 2nd period - Snap shot by Josef Vasicek.
2:48 of 2nd period - Stopped by Jonas Gustavsson with a rebound.
2:50 of 2nd period - Slapshot by Josef Vasicek.
2:50 of 2nd period - Shot Blocked by Vladimir Mihalik.
2:52 of 2nd period - Wrist shot by Josef Vasicek.
2:52 of 2nd period - Shot Misses the Net.
2:54 of 2nd period - Wrist shot by Josef Vasicek.
2:54 of 2nd period - Stopped by Jonas Gustavsson with a rebound.
3:28 of 2nd period - Milan Hejduk is hit by Brayden Schenn and loses puck.
4:00 of 2nd period - Wrist shot by George Parros.
4:00 of 2nd period - Shot Blocked by Steve Sullivan.
4:14 of 2nd period - Snap shot by Simon Gagné.
4:14 of 2nd period - Stopped by Jonas Gustavsson with a rebound.
4:16 of 2nd period - Wrist shot by Simon Gagné.
4:16 of 2nd period - Deflect By Josef Vasicek.
4:16 of 2nd period - Shot Misses the Net.
4:16 of 2nd period - Puck is out of play.
4:17 of 2nd period - Gilbert Brule wins face-off versus Josef Vasicek in Senateurs zone.
4:42 of 2nd period - Dan Hamhuis is hit by Max Pacioretty and loses puck.
5:23 of 2nd period - Wrist shot by Nikita Alexeev.
5:23 of 2nd period - Stopped by Jonas Gustavsson without a rebound.
5:24 of 2nd period - Brayden Schenn wins face-off versus Gilbert Brule in Senateurs zone.
5:27 of 2nd period - Wrist shot by Brayden Schenn.
5:27 of 2nd period - Shot Blocked by Thomas Vanek.
5:29 of 2nd period - Slapshot by Luke Schenn.
5:29 of 2nd period - Goal by Luke Schenn - Senateurs : 3 - Penguins : 5.
5:30 of 2nd period - Steven Stamkos wins face-off versus Gilbert Brule in neutral zone.
5:57 of 2nd period - Josef Vasicek is hit by B.J. Crombeen and loses puck.
6:06 of 2nd period - Wrist shot by Brad Richards.
6:06 of 2nd period - Stopped by Brian Elliott with a rebound.
6:10 of 2nd period - Wrist shot by Brenden Morrow.
6:10 of 2nd period - Stopped by Brian Elliott without a rebound.
6:11 of 2nd period - Brandon Dubinsky wins face-off versus Steven Stamkos in Penguins zone.
6:35 of 2nd period - Icing by Johan Franzen.
6:36 of 2nd period - Sam Gagner wins face-off versus Gilbert Brule in Senateurs zone.
7:05 of 2nd period - Slapshot by Brenden Morrow.
7:05 of 2nd period - Stopped by Brian Elliott without a rebound.
7:06 of 2nd period - Brad Richards wins face-off versus Josef Vasicek in Penguins zone.
7:25 of 2nd period - Wrist shot by Luke Schenn.
7:25 of 2nd period - Stopped by Jonas Gustavsson without a rebound.
7:26 of 2nd period - Gilbert Brule wins face-off versus Steven Stamkos in Senateurs zone.
7:26 of 2nd period - Gilbert Brule is hit by Steven Stamkos.
8:15 of 2nd period - Brayden Schenn is hit by Andy McDonald and loses puck.
8:32 of 2nd period - Kurtis Foster is hit by Duncan Keith.
8:46 of 2nd period - Milan Hejduk is hit by Derek Joslin and loses puck.
8:55 of 2nd period - Snap shot by Simon Gagné.
8:55 of 2nd period - Shot Blocked by Milan Hejduk.
8:57 of 2nd period - Snap shot by Brian McGrattan.
8:57 of 2nd period - Shot Misses the Net.
9:31 of 2nd period - Slapshot by B.J. Crombeen.
9:31 of 2nd period - Goal by B.J. Crombeen - Senateurs : 4 - Penguins : 5.
9:32 of 2nd period - Steven Stamkos wins face-off versus Gilbert Brule in neutral zone.
9:39 of 2nd period - Wrist shot by Bobby Ryan.
9:39 of 2nd period - Shot Misses the Net.
9:55 of 2nd period - Johan Franzen is hit by Steven Stamkos and loses puck.
11:50 of 2nd period - Snap shot by Steven Stamkos.
11:50 of 2nd period - Shot Misses the Net.
12:02 of 2nd period - Snap shot by Gilbert Brule.
12:02 of 2nd period - Stopped by Brian Elliott without a rebound.
12:03 of 2nd period - Sam Gagner wins face-off versus Brad Richards in Penguins zone.
12:07 of 2nd period - Off-side.
12:08 of 2nd period - Sam Gagner wins face-off versus Brad Richards in neutral zone.
12:13 of 2nd period - Wrist shot by Sam Gagner.
12:13 of 2nd period - Goal by Sam Gagner - Senateurs : 4 - Penguins : 6.
12:14 of 2nd period - Brad Richards wins face-off versus Sam Gagner in neutral zone.
12:41 of 2nd period - Nikita Alexeev is hit by Brandon Dubinsky and loses puck.
12:48 of 2nd period - Wrist shot by Darcy Hordichuk.
12:48 of 2nd period - Shot Misses the Net.
12:56 of 2nd period - Minor Penalty to Nikita Alexeev for Hooking.
12:57 of 2nd period - Brayden Schenn wins face-off versus Brad Richards in Penguins zone.
13:50 of 2nd period - Snap shot by Simon Gagné.
13:50 of 2nd period - Shot Misses the Net.
14:56 of 2nd period - Penalty to Nikita Alexeev is over, Nikita Alexeev is back on ice.
15:39 of 2nd period - Dan Girardi is hit by Max Pacioretty and loses puck.
15:50 of 2nd period - Snap shot by Simon Gagné.
15:50 of 2nd period - Stopped by Jonas Gustavsson with a rebound.
15:52 of 2nd period - Snap shot by Simon Gagné.
15:52 of 2nd period - Deflect By Thomas Vanek.
15:52 of 2nd period - Stopped by Jonas Gustavsson without a rebound.
15:53 of 2nd period - Gilbert Brule wins face-off versus Josef Vasicek in Senateurs zone.
16:10 of 2nd period - Josef Vasicek is hit by Vladimir Mihalik and loses puck.
16:44 of 2nd period - Minor Penalty to Andrew Ebbett for Interference.
16:45 of 2nd period - Steven Stamkos wins face-off versus Gilbert Brule in Senateurs zone.
17:07 of 2nd period - Minor Penalty to Kurtis Foster for Holding.
17:08 of 2nd period - Steven Stamkos wins face-off versus Gilbert Brule in Senateurs zone.
17:13 of 2nd period - Slapshot by Steven Stamkos.
17:13 of 2nd period - Stopped by Jonas Gustavsson with a rebound.
17:15 of 2nd period - Snap shot by Max Pacioretty.
17:15 of 2nd period - Shot Blocked by Vladimir Mihalik.
17:17 of 2nd period - Wrist shot by Bobby Ryan.
17:17 of 2nd period - Shot Misses the Net.
17:35 of 2nd period - Dan Hamhuis is hit by Sam Gagner and loses puck.
18:44 of 2nd period - Penalty to Andrew Ebbett is over, Andrew Ebbett is back on ice.
18:52 of 2nd period - Duncan Keith is hit by Carlo Colaiacovo and loses puck.
19:07 of 2nd period - Penalty to Kurtis Foster is over, Kurtis Foster is back on ice.
19:11 of 2nd period - Snap shot by Kurtis Foster.
19:11 of 2nd period - Stopped by Brian Elliott with a rebound.
19:43 of 2nd period - Snap shot by Darcy Hordichuk.
19:43 of 2nd period - Stopped by Brian Elliott with a rebound.
Goals for this period are 1 for Senateurs vs 2 for Penguins.
Shots for this period are 8 for Senateurs vs 10 for Penguins.
3rd period
0:01 of 3rd period - Brad Richards wins face-off versus Max Pacioretty in neutral zone.
0:26 of 3rd period - Sean Zimmerman is hit by Kurtis Foster and loses puck.
0:50 of 3rd period - Brandon Dubinsky is hit by Paul Ranger and loses puck.
1:11 of 3rd period - Backhand shot by Steven Stamkos.
1:11 of 3rd period - Deflect By Max Pacioretty.
1:11 of 3rd period - Shot Misses the Net.
1:11 of 3rd period - Puck is out of play.
1:12 of 3rd period - Brad Richards wins face-off versus Sam Gagner in Senateurs zone.
2:00 of 3rd period - Snap shot by Josef Vasicek.
2:00 of 3rd period - Shot Blocked by Milan Hejduk.
2:02 of 3rd period - Snap shot by Nikita Alexeev.
2:02 of 3rd period - Deflect By Brayden Schenn.
2:02 of 3rd period - Stopped by Jonas Gustavsson with a rebound.
2:12 of 3rd period - Brayden Schenn is hit by Dan Hamhuis and loses puck.
3:13 of 3rd period - Slapshot by Josef Vasicek.
3:13 of 3rd period - Stopped by Jonas Gustavsson with a rebound.
3:15 of 3rd period - Slapshot by Simon Gagné.
3:15 of 3rd period - Shot Misses the Net.
4:36 of 3rd period - Icing by Sam Gagner.
4:37 of 3rd period - Bobby Ryan wins face-off versus Brad Richards in Penguins zone.
5:38 of 3rd period - Dan Hamhuis is hit by Josef Vasicek.
5:48 of 3rd period - Snap shot by Andy McDonald.
5:48 of 3rd period - Stopped by Brian Elliott with a rebound.
5:50 of 3rd period - Snap shot by Andy McDonald.
5:50 of 3rd period - Shot Misses the Net.
7:01 of 3rd period - Wrist shot by George Parros.
7:01 of 3rd period - Stopped by Brian Elliott with a rebound.
7:03 of 3rd period - Backhand shot by Andrew Ebbett.
7:03 of 3rd period - Goal by Andrew Ebbett - Senateurs : 5 - Penguins : 6.
7:04 of 3rd period - Gilbert Brule wins face-off versus Steven Stamkos in neutral zone.
7:04 of 3rd period - Johan Franzen is hit by Dion Phaneuf and loses puck.
7:15 of 3rd period - Snap shot by Steven Stamkos.
7:15 of 3rd period - Stopped by Jonas Gustavsson with a rebound.
7:17 of 3rd period - Slapshot by Steven Stamkos.
7:17 of 3rd period - Goal by Steven Stamkos - Senateurs : 5 - Penguins : 7.
7:18 of 3rd period - Gilbert Brule wins face-off versus Steven Stamkos in neutral zone.
7:47 of 3rd period - Slapshot by Kurtis Foster.
7:47 of 3rd period - Stopped by Brian Elliott with a rebound.
8:09 of 3rd period - Slapshot by Darcy Hordichuk.
8:09 of 3rd period - Stopped by Brian Elliott without a rebound.
8:10 of 3rd period - Steven Stamkos wins face-off versus Brad Richards in Penguins zone.
8:21 of 3rd period - Snap shot by Bobby Ryan.
8:21 of 3rd period - Stopped by Jonas Gustavsson with a rebound.
9:02 of 3rd period - Slapshot by Luke Schenn.
9:02 of 3rd period - Stopped by Jonas Gustavsson with a rebound.
9:17 of 3rd period - Off-side.
9:18 of 3rd period - Andrew Ebbett wins face-off versus Max Pacioretty in neutral zone.
9:23 of 3rd period - Snap shot by George Parros.
9:23 of 3rd period - Stopped by Brian Elliott with a rebound.
9:25 of 3rd period - Wrist shot by George Parros.
9:25 of 3rd period - Stopped by Brian Elliott without a rebound.
9:26 of 3rd period - Thomas Vanek wins face-off versus Steven Stamkos in Penguins zone.
9:40 of 3rd period - Minor Penalty to Bobby Ryan for Hooking.
9:41 of 3rd period - Johan Franzen wins face-off versus Brayden Schenn in Penguins zone.
9:53 of 3rd period - Dustin Penner is hit by Gilbert Brule and loses puck.
10:14 of 3rd period - Snap shot by Brad Richards.
10:14 of 3rd period - Shot Blocked by Dustin Penner.
11:39 of 3rd period - Sam Gagner is hit by B.J. Crombeen.
11:40 of 3rd period - Penalty to Bobby Ryan is over, Bobby Ryan is back on ice.
11:51 of 3rd period - Backhand shot by Josef Vasicek.
11:51 of 3rd period - Stopped by Jonas Gustavsson with a rebound.
11:53 of 3rd period - Slapshot by Dion Phaneuf.
11:53 of 3rd period - Stopped by Jonas Gustavsson without a rebound.
11:54 of 3rd period - Josef Vasicek wins face-off versus Brandon Dubinsky in Senateurs zone.
11:57 of 3rd period - Snap shot by Josef Vasicek.
11:57 of 3rd period - Stopped by Jonas Gustavsson without a rebound.
11:58 of 3rd period - Steven Stamkos wins face-off versus Brandon Dubinsky in Senateurs zone.
12:21 of 3rd period - Minor Penalty to Dan Girardi for Roughing.
12:22 of 3rd period - Steven Stamkos wins face-off versus Gilbert Brule in Senateurs zone.
14:21 of 3rd period - Penalty to Dan Girardi is over, Dan Girardi is back on ice.
14:32 of 3rd period - Wrist shot by Brayden Schenn.
14:32 of 3rd period - Shot Misses the Net.
17:40 of 3rd period - Brian McGrattan is hit by Andy McDonald and loses puck.
17:56 of 3rd period - Minor Penalty to Josef Vasicek for Diving.
17:57 of 3rd period - Gilbert Brule wins face-off versus Dustin Penner in Penguins zone.
18:09 of 3rd period - Snap shot by Gilbert Brule.
18:09 of 3rd period - Shot Misses the Net.
18:21 of 3rd period - Dustin Penner is hit by B.J. Crombeen and loses puck.
19:04 of 3rd period - Sam Gagner is hit by Vitaly Vishnevsky and loses puck.
19:44 of 3rd period - Gilbert Brule is hit by Simon Gagné and loses puck.
19:56 of 3rd period - Penalty to Josef Vasicek is over, Josef Vasicek is back on ice.
Goals for this period are 1 for Senateurs vs 1 for Penguins.
Shots for this period are 7 for Senateurs vs 9 for Penguins.
Back to the Top